 Seeded DCSS version 0.30.1-11-g7821555f0a (webtiles) character file.

Game seed: 5 (custom seed)

9267 Kazon the Trooper (level 11, -4/67 HPs)
             Began as a Gargoyle Fighter on Nov 22, 2023.
             Was a High Priest of Okawaru.
             Slain by a wight
             ... wielding a +2 dagger
              (5 damage)
             ... on level 10 of the Dungeon on Nov 23, 2023.
             The game lasted 00:42:28 (7291 turns).

Kazon the Trooper (Gargoyle Fighter)                Turns: 7291, Time: 00:42:29

Health: -4/67      AC: 25    Str: 24    XL:     11   Next: 43%
Magic:  0/25       EV: 12    Int:  9    God:    Okawaru [*****.]
Gold:   521        SH:  0    Dex:  9    Spells: 10/10 levels left

rFire   . . .        v - +2 glaive (vamp)
rCold   . . .        (shield currently unavailable)
rNeg    + . .        b - +0 scale mail
rPois   ∞            j - +0 helmet
rElec   +            Q - +0 cloak
rCorr   .            L - +0 pair of gloves
SInv    .            (no boots)
Will    .....        D - amulet of guardian spirit
Stlth   ++           r - ring of magical power
HPRegen 0.31/turn    N - +4 ring of protection
MPRegen 0.19/turn

%: guardian spirit
@: about to teleport, heroic
A: sickness immunity, AC +8, negative energy resistance 1, electricity
resistance, torment resistance 1, petrification resistance
a: Renounce Religion, Heroism, Finesse, Duel


You were on level 10 of the Dungeon.
You worshipped Okawaru.
Okawaru was extremely pleased with you.
You visited 2 branches of the dungeon, and saw 11 of its levels.
You also visited: Ossuary.

You collected 692 gold pieces.
You spent 171 gold pieces at shops.

Inventory:

Hand Weapons
 a - a +3 spear of freezing
 e - a +2 vampiric dagger
 f - a +0 hand axe of flaming
 v - a +2 vampiric glaive (weapon)
Missiles
 k - 15 boomerangs
 q - 7 poisoned darts (quivered)
 A - 2 throwing nets
 K - 2 atropa-tipped darts
Armour
 b - a +0 scale mail (worn)
 c - a +0 tower shield
 j - a +0 helmet (worn)
 L - a +0 pair of gloves (worn)
 Q - a +0 cloak (worn)
Jewellery
 r - a ring of magical power (left hand)
 D - an amulet of guardian spirit (around neck)
 N - a +4 ring of protection (right hand)
Wands
 x - a wand of paralysis (8)
 O - a wand of light (4)
 P - a wand of digging (7)
Scrolls
 i - 7 scrolls of identify
 o - 2 scrolls of blinking {unknown}
 p - 2 scrolls of magic mapping {unknown}
 t - 2 scrolls of teleportation
 w - a scroll of amnesia {unknown}
 y - 2 scrolls of fog {unknown}
 z - a scroll of torment {unknown}
 F - a scroll of poison {unknown}
 G - a scroll of enchant armour {unknown}
 I - 2 scrolls of fear {unknown}
 J - a scroll of enchant weapon {unknown}
Potions
 d - a potion of might
 g - a potion of resistance {unknown}
 h - a potion of haste {unknown}
 l - a potion of cancellation {unknown}
 m - 6 potions of curing {unknown}
 n - 2 potions of berserk rage {unknown}
 s - 5 potions of flight {unknown}
 u - 2 potions of invisibility {unknown}
 B - 4 potions of heal wounds
 C - a potion of lignification {unknown}
 E - 4 potions of attraction {unknown}
 H - 3 potions of brilliance {unknown}
 M - a potion of ambrosia {unknown}


   Skills:
 + Level 7.3(12.3) Fighting
 * Level 4.6(9.6) Long Blades
 + Level 5.0(11.8) Axes
 + Level 7.1(12.9) Polearms
 + Level 4.0(9.0) Throwing
 + Level 6.5(11.5) Armour
 + Level 2.8(7.8) Dodging
 + Level 3.0(8.0) Stealth
 + Level 4.7(9.7) Shields
 * Level 6.9 Invocations
 * Level 5.4 Evocations


You had 10 spell levels left.
You didn't know any spells.
Your spell library contained the following spells:

 Spells                   Type           Power      Damage    Failure   Level
 Frozen Ramparts          Ice            0%         1d1       94%         3
 Ignite Poison            Fire/Tmut/Pois 0%         N/A       94%         3
 Ice Form                 Ice/Tmut       0%         N/A       100%        4
 Sticky Flame             Conj/Fire      0%         2d3       100%        4
 Eringya's Noxious Bog    Tmut/Pois      0%         N/A       100%        6
 Ignition                 Fire           0%         3d3       100%        8
 Summon Ice Beast         Ice/Summ       Unusable   N/A       N/A         4
 Summon Forest            Summ/Tloc      Unusable   N/A       N/A         5
 Summon Hydra             Summ           Unusable   N/A       N/A         7

Dungeon Overview and Level Annotations

Branches:
Dungeon (10/15)            Temple (1/1) D:4            Lair (0/5) D:8
Ossuary (visited)
    Orc: D:9-12

Altars:
Dithmenos
Fedhas
Gozag
Hepliaklqana
Okawaru
Qazlal
Trog
Uskayaw
Wu Jian
Xom
The Shining One

Shops:
D:8 *

Annotations:
D:10 Snorg


Innate Abilities, Weirdness & Mutations

You are immune to sickness and miasma.
Your stone body is resilient. (AC +8)
You are immune to poison.
You resist negative energy. (rN+)
You are resistant to electric shocks. (rElec)
You are resistant to unholy torment.
You are immune to petrification.


Message History

A wight comes into view. It is wielding a +0 falchion.
Snorg barely misses you. x2; Snorg claws you.
You slash Snorg!
You feel better.
Snorg is moderately wounded.
Snorg looks more healthy.
Snorg bites you! Snorg barely misses you. Snorg closely misses you.
The wight misses you.
Unknown command.
You strike the helpless Snorg from behind!
You hit Snorg.
You feel better.
Snorg is moderately wounded.
Snorg is no longer blind.
Snorg bites you but does no damage. Snorg claws you!
Snorg claws you but does no damage. The wight hits you but does no damage.
Snorg completely misses you. Snorg barely misses you.
Snorg claws you but does no damage.
Aiming: Duel (43% risk of failure)
Press: ? - help, Dir - move target, f/p - Snorg
Aim: Snorg (moderately wounded, berserk)
You fail to use your ability.
Snorg misses you. Snorg claws you but does no damage. Snorg misses you.
The wight hits you with a +2 dagger.
Unknown command.
Aiming: Duel (43% risk of failure)
Press: ? - help, Dir - move target, f/p - Snorg
Aim: Snorg (moderately wounded, berserk)
You fail to use your ability.
Snorg bites you! Snorg claws you but does no damage. Snorg claws you.
The wight hits you but does no damage. Snorg bites you! Snorg claws you.
* * * LOW HITPOINT WARNING * * *
Snorg claws you!
* * * LOW HITPOINT WARNING * * *
Snorg bites you but does no damage. Snorg closely misses you.
Snorg claws you but does no damage.
As you read the scroll labelled JIYFIZX FOFUA, it crumbles to dust.
You feel strangely unstable.
It was a scroll of teleportation.
Snorg bites you but does no damage. Snorg claws you!
* * * LOW HITPOINT WARNING * * *
Snorg claws you but does no damage. The wight completely misses you.
The wight attacks as you move away! The wight barely misses you.
The wight attacks as you move away! The wight hits you with a +2 dagger.
You die...

.....# .... ....#
...#####...#
#..#...#...#
#..#...#...#
#..#...#...##########.
#..###'#.....z........
#...........zz@.......
#.............T.......
#.....................
###.....................
...........###..........
......###### #..........
......# #.(........
......# #.(######..
......# #.(#


You could see Snorg (berserk) and 3 wights.

Vanquished Creatures
  2 two-headed ogres
  Maurice (D:9)
  2 polar bears (D:8)
  A hornet (D:9)
  2 shadows (D:9)
  2 vampires (D:9)
  Sigmund (D:4)
  A wyvern (D:8)
  A yak (D:8)
  3 basilisks (D:8)
  A steam dragon (D:8)
  Duvessa (D:6)
  6 water moccasins
  An ice beast (D:8)
  An orc warrior (D:9)
  A sky beast (D:7)
  5 black bears
  5 centaurs
  2 ogres
  3 wolves (D:8)
  An elf zombie (Ossuary)
  2 kobold brigands
  A bullfrog (D:8)
  A gnoll sergeant (D:8)
  3 scorpions
  15 wights
  8 killer bees
  Dowan (D:6)
  4 howler monkeys
  A vampire bat (D:7)
  An electric eel (D:8)
  6 hounds
  A wyvern simulacrum (D:8)
  A centaur zombie (Ossuary)
  3 human zombies (Ossuary)
  A jelly (D:5)
  3 orc priests
  6 iguanas
  9 orc wizards
  4 ogre zombies (Ossuary)
  A centaur simulacrum (D:8)
  7 mummies (Ossuary)
  11 gnolls
  9 adders
  A shadow imp (D:8)
  A white imp (D:7)
  2 ufetubi
  A worm zombie (D:7)
  2 adder zombies (Ossuary)
  3 worms
  24 orcs
  12 bats
  9 endoplasms
  A giant cockroach (D:1)
  12 goblins
  7 hobgoblins
  11 jackals
  15 kobolds
  3 quokkas (D:4)
  6 ball pythons
  3 frilled lizards
  4 goblin zombies (Ossuary)
  6 hobgoblin zombies
  3 kobold zombies
  4 quokka zombies (Ossuary)
  4 rats
  4 rat zombies (Ossuary)
280 creatures vanquished.

Notes
Turn   | Place    | Note
-------+----------+-------------------------------------------
     0 | D:1      | Kazon the Gargoyle Fighter began the quest for the Orb.
     0 | D:1      | Reached XP level 1. HP: 14/14 MP: 1/1
    51 | D:1      | Identified a scroll of acquirement
    51 | D:1      | Acquired a +2 vampiric glaive
    70 | D:1      | Reached XP level 2. HP: 18/19 MP: 2/2
   394 | D:1      | Reached XP level 3. HP: 23/23 MP: 3/3
   408 | D:1      | Reached skill level 1 in Polearms
  1098 | D:2      | Reached XP level 4. HP: 26/29 MP: 4/4
  1417 | D:2      | Reached skill level 1 in Stealth
  1615 | D:3      | Reached skill level 1 in Throwing
  1630 | D:3      | Found a blossoming altar of Fedhas.
  1651 | D:3      | Reached XP level 5. HP: 33/33 MP: 5/5
  1744 | D:3      | Found a stormy altar of Qazlal.
  1868 | D:3      | Identified the +2 sling "Qeuhanocyt" {speed, rElec Str-3
                  | Dex+2}
  1888 | D:3      | Found a faded altar of an unknown god.
  2042 | D:4      | Found a staircase to the Ecumenical Temple.
  2050 | Temple   | Entered the Ecumenical Temple
  2064 | Temple   | Became a worshipper of Warmaster Okawaru
  2118 | D:4      | Noticed a black bear
  2130 | D:4      | Killed a black bear
  2131 | D:4      | Reached skill level 1 in Invocations
  2134 | D:4      | Found a hazy altar of Hepliaklqana.
  2136 | D:4      | Found a shadowy altar of Dithmenos.
  2137 | D:4      | Noticed a shadow
  2199 | D:4      | Noticed Sigmund
  2203 | D:4      | Killed Sigmund
  2203 | D:4      | Reached * piety under Okawaru
  2204 | D:4      | Reached XP level 6. HP: 38/38 MP: 7/7
  2272 | D:4      | Reached skill level 1 in Dodging
  2272 | D:4      | Reached XP level 7. HP: 42/43 MP: 8/8
  2816 | D:5      | Entered Level 5 of the Dungeon
  2920 | D:5      | Reached skill level 1 in Evocations
  3003 | D:5      | Reached ** piety under Okawaru
  3004 | D:5      | Reached XP level 8. HP: 48/48 MP: 9/9
  3254 | D:6      | Noticed Dowan
  3255 | D:6      | Noticed Duvessa
  3258 | D:6      | Killed Dowan
  3269 | D:6      | Killed Duvessa
  3331 | D:6      | Reached skill level 5 in Armour
  3339 | D:6      | Reached skill level 5 in Polearms
  3410 | D:6      | Found a shimmering altar of Xom.
  3542 | D:6      | Reached skill level 5 in Fighting
  3581 | D:6      | Reached *** piety under Okawaru
  3686 | D:7      | Found a sand-covered staircase.
  3698 | Ossuary  | Entered an ossuary
  3741 | Ossuary  | Reached XP level 9. HP: 54/54 MP: 12/12
  4216 | D:7      | Received a gift from Okawaru
  4235 | D:7      | Reached skill level 1 in Long Blades
  4367 | D:7      | Noticed a two-headed ogre
  4372 | D:7      | Killed a two-headed ogre
  4372 | D:7      | Reached **** piety under Okawaru
  4373 | D:7      | Reached skill level 5 in Invocations
  4373 | D:7      | Reached XP level 10. HP: 60/60 MP: 14/14
  5140 | D:8      | Reached skill level 5 in Axes
  5723 | D:8      | HP: 3/61 [polar bear (4)]
  5725 | D:8      | HP: 1/61 [electric eel/bolt of electricity (1)]
  5990 | D:8      | Found a staircase to the Lair.
  5999 | D:8      | Reached XP level 11. HP: 63/67 MP: 15/15
  6031 | D:8      | Found Izo Qiri's Assorted Antiques.
  6040 | D:8      | Bought a scroll labelled JIYFIZX FOFUA for 29 gold pieces
  6040 | D:8      | Bought a sedimented brown potion for 26 gold pieces
  6040 | D:8      | Bought a curved iron wand for 116 gold pieces
  6124 | D:8      | Reached skill level 5 in Evocations
  6545 | D:9      | Reached ***** piety under Okawaru
  6811 | D:9      | Noticed Maurice
  6836 | D:9      | Killed Maurice
  7201 | D:10     | Entered Level 10 of the Dungeon
  7222 | D:10     | Noticed a two-headed ogre
  7231 | D:10     | Killed a two-headed ogre
  7272 | D:10     | Noticed Snorg
  7290 | D:10     | HP: 1/67 [Snorg (10)]
  7291 | D:10     | Slain by a wight

Illustrated notes

Levels and vault maps discovered:
D:1:      ebering_trefoil_3fold, layout_basic, st_stairs_14, serial_bayou_ford_a
D:2:      layout_basic, hangedman_decor_growths, minmay_close_crescents
D:3:      layout_rooms, mainiacjoe_overflow_concentric_impassable,
          mainiacjoe_overflow_paths, shapermc_ecumenical_altar_acropolis,
          chequers_serial_rivers_micro_b
D:4:      layout_basic, riverfiend_overflow_shadow_ancestor,
          minmay_temple_entry_glass, uniq_sigmund
D:5:      layout_gridville
D:6:      layout_basic, xom_teletrap_fun, uniq_duvessa
D:7:      layout_loops_ring, enter_ossuary_3, roderic_batcave
D:8:      layout_layer_cave, minmay_lair_entry_grove, serial_shops,
          nicolae_lakefront_shop, serial_ice, serial_ice_o, serial_ice_d,
          serial_ice_k, serial_ice_a
D:9:      layout_loops_ring, nicolae_wwwww, uniq_maurice
D:10:     layout_irregular_city, led_sif_pool, uniq_snorg
Temple:   nicolae_temple_elliptical

Skill      XL: |  1  2  3  4  5  6  7  8  9 10 11 |
---------------+----------------------------------+-----
Polearms       | 1 2 3 4 5 6 7 |  7.1
Stealth        | 1 2 3 |  3.0
Throwing       | 1 2 3 4 |  4.0
Invocations    | 1 2 4 5 6 |  6.9
Fighting       | 4 5 6 7 |  7.3
Armour         | 4 5 6 |  6.5
Dodging        | 1 2 |  2.8
Evocations     | 1 2 3 4 5 |  5.4
Axes           | 4 5 |  5.0
Long Blades    | 2 3 4 |  4.6
Shields        | 4 |  4.7

Action                     |  1- 3 |  4- 6 |  7- 9 | 10-12 || total
---------------------------+-------+-------+-------+-------++-------
  Melee: War axe           |    19 |       |       |       ||    19
         Glaive            |    95 |   112 |   209 |   233 ||   649
         Hand axe          |       |       |   258 |   121 ||   379
         Punch             |       |       |     6 |       ||     6
         Spear             |       |       |       |   156 ||   156
  Throw: Stone             |       |     7 |    40 |       ||    47
         Boomerang         |       |       |    13 |    17 ||    30
         Dart              |       |       |     9 |    25 ||    34
 Invoke: Heroism           |       |       |     1 |     6 ||     7
         Finesse           |       |       |       |     1 ||     1
  Evoke: Wand              |       |       |       |     1 ||     1
    Use: Scroll            |     2 |       |     1 |     2 ||     5
         Potion            |     1 |       |       |       ||     1
   Stab: Invisible         |       |       |       |     1 ||     1
 Armour: Scale mail        |    68 |    81 |   292 |   384 ||   825
  Dodge: Dodged            |    50 |    68 |   287 |   241 ||   646
  Block: Buckler           |     6 |       |       |       ||     6
         Tower shield      |       |       |       |   213 ||   213
